 Dungeon Crawl Stone Soup version 0.24.0-1-gfbc8707122 (webtiles) character file.

Game seed: 6011825697649172431, levelgen mode: deterministic

313 Aviak the Ducker (level 6, -2/37 HPs)
             Began as a Tengu Skald on Oct 27, 2019.
             Killed from afar by an orc wizard (7 damage)
             ... with a magic dart
             ... on level 3 of the Dungeon.
             The game lasted 00:05:06 (4025 turns).

Aviak the Ducker (Tengu Skald)                      Turns: 4025, Time: 00:05:07

Health: -2/37      AC:  3    Str: 12    XL:     6   Next: 43%
Magic:  10/11      EV: 16    Int: 13    God:
Gold:   175        SH:  0    Dex: 15    Spells: 5/11 levels left

rFire    . . .     SeeInvis .   i - +0 halberd
rCold    . . .     Gourm    .   (shield currently unavailable)
rNeg     . . .     Faith    .   b - +0 leather armour
rPois    .         Spirit   .   (helmet restricted)
rElec    .         Reflect  .   (no cloak)
rCorr    .         Harm     .   (no gloves)
MR       .....                  (boots unavailable)
Stlth    +.........             (no amulet)
HPRegen  0.12/turn              (no ring)
MPRegen  0.12/turn              (no ring)

@: infused (expiring), flying quickly and evasively, quick
A: beak, talons 3, able to fly
a: Stop Flying


You were on level 3 of the Dungeon.
You were not hungry.

You visited 1 branch of the dungeon, and saw 3 of its levels.
You also visited: Sewer.

You collected 175 gold pieces.

Inventory:

Hand Weapons
 a - a +0 spear
 i - a +0 halberd (weapon)
 k - a +0 trident
Armour
 b - a +0 leather armour (worn)
Jewellery
 l - an uncursed amulet of faith {unknown}
 o - an uncursed amulet of regeneration {unknown}
Wands
 n - a wand of clouds (3)
Scrolls
 c - a scroll of enchant weapon {unknown}
 g - a scroll of amnesia
 r - a scroll of remove curse
 t - a scroll of teleportation
Potions
 e - 2 potions of flight
 f - a potion of lignification {unknown}
 h - 3 potions of heal wounds {unknown}
 j - 2 potions of curing {unknown}
Comestibles
 d - 5 rations


   Skills:
 + Level 3.4 Fighting
 + Level 3.6 Polearms
 - Level 1.1 Armour
 + Level 3.7 Dodging
 - Level 3.0 Spellcasting
 + Level 3.3 Charms
 + Level 1.0 Necromancy


You had 5 spell levels left.
You knew the following spells:

 Your Spells              Type           Power        Failure   Level  Hunger
a - Infusion              Chrm           ##..         8%          1    #......
b - Song of Slaying       Chrm           ##......     11%         2    ###....
c - Regeneration          Chrm/Necr      #.........   34%         3    ###....

Your spell library contained the following spells:

 Spells                   Type           Power        Failure   Level  Hunger
 Shroud of Golubria       Chrm/Tloc      #.....       22%         2    ###....
 Spectral Weapon          Hex/Chrm       #.......     41%         3    ###....


Dungeon Overview and Level Annotations

Branches:
Dungeon (3/15)              Sewer (visited)

Altars:
Kikubaaqudgha


Innate Abilities, Weirdness & Mutations

You have a beak for a mouth.
You have claws for feet.
You can fly continuously.


Message History

The orc wizard misses you.
The orc wizard begins to cast a cantrip, but forgets the words!
The orc barely misses you.
You hit the orc wizard but do no damage.
You claw the orc wizard, but do no damage.
The orc wizard is severely wounded.
Your magical infusion is running out.
The orc wizard gestures at you while chanting.
The puff of frost hits you!
* * * LOW HITPOINT WARNING * * *
The orc wizard hits you but does no damage.
The orc closely misses you.
It was a potion of flight.
You feel more buoyant.
The orc wizard hits you with a cursed +0 dagger.
* * * LOW HITPOINT WARNING * * *
The orc closely misses you.
The orc wizard gestures at you while chanting.
The magic dart hits you!
You die...

...###..##..##....# #.....
...##....'#+###..####
###...
...##....##,,,##'#..##
######'##
...###..##,,,,,##...(#
#........
...###'##,,,,,,,#...(#
#........
...##..##,,,8,,,##..##
#........
...#....#,,,,,,,##'##
#....)...
...)....#*,,,,,##..##
######'##
..###..#+**,,,*#@...# #.##
..# ####,,***+#oo...# #...
###
*,,,,**.o##..##############
*,,,,+...,#####..)........#
**,,*#..,,* #............
****##.,** #............
#*** #............
#...........# #...........#


You could see an orc wizard and 2 orcs.

Vanquished Creatures
  A big kobold (Sewer)
  Terence (D:3)
  A worker ant (D:2)
  4 gnolls
  5 adders
  A river rat (D:3)
  3 worms (D:2)
  2 dart slugs
  4 leopard geckos
  2 orcs (D:3)
  8 giant cockroaches
  5 hobgoblins
  7 jackals
  13 kobolds
  7 bats
  5 frilled lizards
  8 goblins
  16 rats
93 creatures vanquished.

Notes
Turn   | Place    | Note
-------+----------+-------------------------------------------
     0 | D:1      | Aviak the Tengu Skald began the quest for the Orb.
     0 | D:1      | Reached XP level 1. HP: 12/12 MP: 4/4
   268 | D:1      | Reached XP level 2. HP: 17/17 MP: 3/6
   826 | D:1      | Reached XP level 3. HP: 10/21 MP: 2/7
  1383 | D:2      | Reached XP level 4. HP: 18/27 MP: 4/8
  1598 | D:1      | Learned a level 2 spell: Song of Slaying
  1602 | D:1      | Learned a level 3 spell: Regeneration
  2487 | D:2      | Gained mutation: You can fly continuously. [Tengu growth]
  2487 | D:2      | Reached XP level 5. HP: 30/32 MP: 5/10
  2694 | D:2      | Found an ancient bone altar of Kikubaaqudgha.
  3174 | D:3      | Noticed Terence
  3184 | D:3      | Killed Terence
  3561 | D:3      | Found a glowing drain.
  3565 | Sewer    | Entered a sewer
  3633 | Sewer    | Noticed a big kobold
  3680 | Sewer    | Killed a big kobold
  3680 | Sewer    | Reached XP level 6. HP: 9/37 MP: 5/11
  3836 | Sewer    | Found a white marble altar of Elyvilon.
  4007 | D:3      | Reached skill level 1 in Necromancy
  4025 | D:3      | Killed from afar by an orc wizard

Levels and vault maps discovered:
D:1:      shiori_arrival_maze, layout_basic,
          wander_ebering_terrifying_dragon_lair
D:2:      layout_loops_ring, lemuel_doored_altar
D:3:      minmay_bubble_buster, layout_basic, gup_sewer_entry_spiral,
          glass_columns_a, uniq_terence

Skill      XL: |  1  2  3  4  5  6 |
---------------+-------------------+-----
Dodging        | 3 |  3.7
Polearms       | 3 |  3.6
Charms         | 3 |  3.3
Fighting       | 3 |  3.4
Spellcasting   | 3 |  3.0
Necromancy     | 1 |  1.0
Armour         | |  1.1

Action                   |  1- 3 |  4- 6 || total
-------------------------+-------+-------++-------
Melee: Spear             |    92 |    10 ||   102
       Kick              |    11 |    20 ||    31
       Peck              |     7 |    18 ||    25
       Halberd           |       |   142 ||   142
 Cast: Infusion          |     7 |    13 ||    20
 Abil: Fly               |       |     1 ||     1
  Use: Scroll            |       |     7 ||     7
       Potion            |       |     1 ||     1
 Stab: Sleeping          |     2 |     5 ||     7
  Eat: Chunk             |     1 |     4 ||     5
       Ration            |       |     2 ||     2
Armor: Leather armour    |    12 |     9 ||    21
Dodge: Dodged            |    39 |    79 ||   118
